 Dungeon Sprint DCSS version 0.19.1 (webtiles) character file.

0 KingBobo974 the Cudgeler (level 3, -3/36 HPs)
             Began as a Troll Monk on Dec 15, 2016.
             Was a Believer of Okawaru.
             Slain by a quokka (4 damage)
             ... summoned by Eustachio
             ... in the Dungeon (Sprint VI: "Thunderdome").
             The game lasted 00:02:37 (178 turns).

KingBobo974 the Cudgeler (Troll Monk)                Turns: 178, Time: 00:02:38

Health: -3/36      AC:  6    Str: 20    XL:     3   Next: 33%
Magic:  1/2        EV: 11    Int: 10    God:    Okawaru [**....]
Gold:   1          SH:  0    Dex: 12    Spells: 0 memorised, 2 levels left

rFire  . . .     SeeInvis .     a - +0 mace
rCold  . . .     Gourm    +     n - +1 robe of Grot {+Blink rPois MR- Int+4}
rNeg   . . .     Faith    .     (no shield)
rPois  +         Spirit   .     (helmet restricted)
rElec  .         Reflect  .     (no cloak)
rCorr  .         Harm     .     (gloves unavailable)
MR     .....     NoTele   +     (boots unavailable)
Stlth  ++........               (no amulet)
                                (no ring)
                                (no ring)

@: no status effects
A: unfitting armour, claws 3, fast metabolism 3, gourmand, regeneration 1,
shaggy fur 1, tough skin 2
a: Heroism, Renounce Religion, Evoke Blink


You were in the Dungeon.
You worshipped Okawaru.
Okawaru was pleased with you.
You were not hungry.

You visited 1 branch You collected 200 gold pieces.
You spent 199 gold pieces at shops.

Inventory:

Hand Weapons
 a - a +0 mace (weapon)
Armour
 b - a +0 robe
 n - the +1 robe of Grot (worn) {+Blink rPois MR- Int+4}
   (You bought it in a shop in the Dungeon)

   It affects your intelligence (+4).
   It protects you from poison.
   It affects your resistance to hostile enchantments.
   It lets you blink.
Wands
 k - a wand of acid (5/15)
 l - a wand of iceblast (5/15)
Scrolls
 i - 4 scrolls of blinking
 m - 3 scrolls of fog
Potions
 d - a potion of curing
 e - 2 potions of heal wounds
 f - 4 potions of haste
 g - 2 potions of magic
 h - a potion of berserk rage
 j - a potion of resistance
Comestibles
 c - 2 bread rations


   Skills:
 - Level 2.4 Fighting
 * Level 5.7 Maces & Flails
 + Level 3.9 Dodging
 - Level 1.0 Stealth


You had 2 spell levels left.
You didn't know any spells.

Dungeon Overview and Level Annotations

Branches:
Dungeon (1/1)

Altars:
Cheibriados
Dithmenos
Fedhas
Gozag
Kikubaaqudgha
Makhleb
Okawaru
Qazlal
Ru
Sif Muna
Trog
Uskayaw
Vehumet
Xom
Yredelemnul
Zin
The Shining One
Beogh
Jiyva
Lugonu

Shops:
D *[%??*?:((!!!!

Annotations:
D Eustachio


Innate Abilities, Weirdness & Mutations

You are too large for most types of armour.
You have claws for hands.
Your metabolism is lightning-fast.
You like to eat raw meat.
Your natural rate of healing is unusually fast.
You are covered in fur. (AC +1)
You have very tough skin. (AC +2)


Message History

Eustachio blinks!
The quokka barely misses you. The quokka barely misses you.
Found Zuku's Weapon Rack.
Found a basalt altar of Yredelemnul and a burning altar of Makhleb. 10...
The quokka bites you but does no damage.
Eustachio hits you with a falchion.
* * * LOW HITPOINT WARNING * * *
You hit Eustachio.
Eustachio is moderately wounded.
Eustachio hits you but does no damage. The quokka closely misses you.
Eustachio hits you with a falchion.
* * * LOW HITPOINT WARNING * * *
The quokka closely misses you.
You barely miss Eustachio.
Eustachio is lightly wounded.
Eustachio hits you with a falchion.
* * * LOW HITPOINT WARNING * * *
The quokka bites you.
You die...

##∩___......###......___∩#
###∩........8.# #.8........∩
##.............###...........
#⌠..........###...###........
#⌠..........# #.<.# #........
#⌠..........###...###........
##.............###...........
###∩........8.# #.8........∩
##∩___..@@..# #.......__∩#
######.8r........8.######
#⌠...........⌠#
###.........### #.........
#_......._ #_......._
#∩.......∩


You could see Eustachio and a quokka.

Vanquished Creatures
  An iron imp (D)
  2 white imps (D)
3 creatures vanquished.

Notes
Turn   | Place    | Note
-------+----------+-------------------------------------------
     0 | D        | KingBobo974 the Troll Monk began the quest for the Orb.
     0 | D        | Reached XP level 1. HP: 22/22 MP: 0/0
     4 | D        | Found a sacrificial altar of Ru.
     5 | D        | Found a glowing silver altar of Zin.
     5 | D        | Found a snail-covered altar of Cheibriados.
     5 | D        | Round 1.
     6 | D        | Found a deep blue altar of Sif Muna.
     6 | D        | Found a roughly hewn altar of Beogh.
     7 | D        | Found Xeuxtade's Identification Station.
     7 | D        | Found a hide-covered altar of Uskayaw.
     7 | D        | Found a shadowy altar of Dithmenos.
     7 | D        | Found Buatwo's Bee Food.
     8 | D        | Found Roeg's Advanced Armour.
     8 | D        | Found Wehoc's Jewellery.
    10 | D        | Found a corrupted altar of Lugonu.
    13 | D        | Found a viscous altar of Jiyva.
    15 | D        | Found Raeggid's Magic Scroll Shop.
    17 | D        | Found an ancient bone altar of Kikubaaqudgha.
    17 | D        | Found a radiant altar of Vehumet.
    17 | D        | Found a glowing golden altar of the Shining One.
    17 | D        | Found Xophebex's Staff Store.
    18 | D        | Found Jelaon's Magic Scroll Shop.
    18 | D        | Found Ynibbiel's Must-Have Magic.
    23 | D        | Found a blossoming altar of Fedhas.
    24 | D        | Found a stormy altar of Qazlal.
    25 | D        | Found an iron altar of Okawaru.
    27 | D        | Found Kuiny's Distillery.
    29 | D        | Found Quodi's Distillery.
    29 | D        | Found Qooffeuv's Bottled Wisdom.
    31 | D        | Found an opulent altar of Gozag.
    31 | D        | Found a bloodstained altar of Trog.
    31 | D        | Found Zukhuw's Do-It-Yourself Clinic.
    34 | D        | Reached skill level 4 in Maces & Flails
    40 | D        | Became a worshipper of Warmaster Okawaru
    40 | D        | Reached * piety under Okawaru
    40 | D        | Reached ** piety under Okawaru
    76 | D        | Noticed an iron imp
    89 | D        | Killed an iron imp
    89 | D        | Reached skill level 5 in Maces & Flails
    89 | D        | Reached XP level 2. HP: 27/29 MP: 1/1
    89 | D        | Reached XP level 3. HP: 34/36 MP: 2/2
    99 | D        | Bought a heavy robe for 199 gold pieces
   109 | D        | Identified the +1 robe of Grot {+Blink rPois MR- Int+4} (You bought it in a shop in the Dungeon)
   148 | D        | Noticed Eustachio
   155 | D        | Found a shimmering altar of Xom.
   156 | D        | Found Ican's Premium Goods.
   175 | D        | Found a basalt altar of Yredelemnul.
   175 | D        | Found a burning altar of Makhleb.
   175 | D        | Found Zuku's Weapon Rack.
   178 | D        | HP: 1/36 [Eustachio/falchion (2)]
   178 | D        | Slain by a quokka

Skill      XL: |  1 |
---------------+----+-----
Maces & Flails | 5 |  5.7
Dodging        | 3 |  3.9
Fighting       | |  2.4
Stealth        | |  1.0

Action                   || total
-------------------------++-------
Melee: Mace              ||    31
Invok: Heroism           ||     1
  Use: Potion            ||     2
Armor: Robe              ||     9
Dodge: Dodged            ||    44
